AoeStats
← ZSeagull

African Clearing

504679772Analyzed
2v2 RM · 26d ago on Sep 6, 2026· 19m 39s· 4 players
Game mode
Random Map
Map size
Medium (4 player)
Population
200
Speed
Normal
Resources
Standard
Victory
Conquest
Starting age
Dark Age
Ending age
Imperial Age
RankedLock teamsTeams togetherTeam positionsShared explorationLock speedFull tech treeHidden civsTurbo modeCheats
Victory
Defeat
🇻🇳 Koreans · Vietnam
1677
+7
🇻🇳 Hindustanis · Vietnam
1600
+9
🇳🇿 Teutons · New Zealand
1443
-8
🇦🇺 Mapuche · Australia
1443
-8
DEXXTER
10:12 Loom
12:34 Feudal Age
18:01 Castle Age
17:26 Double-Bit Axe
17:23 Horse Collar
19:18 Squires
ChangT
6:45 Loom
12:42 Feudal Age
16:14 Castle Age
14:28 Double-Bit Axe
15:34 Fletching
15:49 Gold Mining
ZSeagull
10:54 Loom
13:03 Feudal Age
14:12 Double-Bit Axe
gygciu
3:26 Loom
12:39 Feudal Age
13:46 Double-Bit Axe
20:08 Castle Age
Connection lost

Rejoining the realm…

Still unreachable

The connection could not be restored.

Session expired

The server has moved on; the page needs a fresh start.